 Dungeon Crawl Stone Soup version 0.22-a0-456-g11ed031 (webtiles) character file.

18 jerryfan the Cutter (level 2, -1/19 HPs)
             Began as a Halfling Gladiator on June 7, 2018.
             Slain by a gnoll
             ... wielding a +0 halberd
              (8 damage)
             ... on level 1 of the Dungeon.
             The game lasted 00:02:17 (1009 turns).

jerryfan the Cutter (Halfling Gladiator)            Turns: 1009, Time: 00:02:18

Health: -1/19      AC:  4    Str: 15    XL:     2   Next: 85%
Magic:  2/2        EV: 16    Int:  6    God:
Gold:   17         SH:  0    Dex: 15    Spells: 1/1 levels left

rFire    . . .     SeeInvis .   a - +0 rapier
rCold    . . .     Gourm    .   (shield restricted)
rNeg     . . .     Faith    .   b - +0 leather armour
rPois    .         Spirit   .   c - +0 helmet
rElec    .         Reflect  .   (no cloak)
rCorr    .         Harm     .   (no gloves)
MR       .....                  (no boots)
Stlth    ++........             (no amulet)
HPRegen  0.06/turn              (no ring)
MPRegen  0.08/turn              (no ring)

@: no status effects
A: small, mutation resistance 1
a: no special abilities


You were on level 1 of the Dungeon.
You were not hungry.

You visited 1 branch of the dungeon, and saw 1 of its levels.

You collected 17 gold pieces.

Inventory:

Hand Weapons
 a - a +0 rapier (weapon)
Missiles
 d - 3 throwing nets (quivered)
 e - 15 stones
Armour
 b - a +0 leather armour (worn)
 c - a +0 helmet (worn)
Scrolls
 h - a scroll of identify {unknown}
 i - a scroll of fear {unknown}
Potions
 j - 2 potions of heal wounds {unknown}
Comestibles
 f - 3 rations


   Skills:
 - Level 1.7 Fighting
 + Level 3.8 Short Blades
 + Level 2.2 Throwing
 + Level 3.5 Dodging
 * Level 1.5 Stealth


You had one spell level left.
You didn't know any spells.
Your spell library was empty.

Dungeon Overview and Level Annotations

Branches:
Dungeon (1/15)

Altars:


Innate Abilities, Weirdness & Mutations

You are small and have problems with some larger weapons.
You are somewhat resistant to further mutation.


Message History

The gnoll hits you with a halberd.
You hit the gnoll.
The gnoll is severely wounded.
The gnoll misses you.
You hit the gnoll.
The gnoll is almost dead.
The gnoll closely misses you.
You completely miss the gnoll.
The gnoll is almost dead.
The gnoll closely misses you.
You hit the gnoll but do no damage.
The gnoll is almost dead.
You hit the gnoll but do no damage.
The gnoll is almost dead.
The gnoll barely misses you.
All of the chunks of flesh in your inventory have rotted away.
You barely miss the gnoll.
The gnoll is almost dead.
The gnoll hits you with a halberd!
You die...

#.+....+.#
#.........≈≈≈≈≈.....
#.'..<.+.#
#.........§§........
#.'....+.#
#####...............
#.'''+++.# ..............
.........# ..............
.######.#########
####......##### .#
#............ ..........#
##
#.#.##############.....##
# #.#.# #..g@...........#
# #...# #.#############.#
#..## #.# #..# #.# #.##
#.# #.# #.# #.# #.# #.#
#.# #.# #.#


You could see a gnoll.

Vanquished Creatures
  A leopard gecko (D:1)
  A bat (D:1)
  4 hobgoblins (D:1)
  3 jackals (D:1)
  3 kobolds (D:1)
  2 rats (D:1)
14 creatures vanquished.

Notes
Turn   | Place    | Note
-------+----------+-------------------------------------------
     0 | D:1      | jerryfan the Halfling Gladiator began the quest for the Orb.
     0 | D:1      | Reached XP level 1. HP: 14/14 MP: 1/1
   208 | D:1      | Reached skill level 1 in Stealth
   208 | D:1      | Reached XP level 2. HP: 19/19 MP: 2/2
  1009 | D:1      | Slain by a gnoll

Vault maps used:
D:1:      lightli_arrival_maybe_door_vault, serial_forest,
          infiniplex_forest_lined_room_, infiniplex_forest_clump_long,
          infiniplex_forest_clump_cross, infiniplex_forest_clump_long,
          infiniplex_forest_clump_diagonal, infiniplex_forest_lined_room_2,
          serial_bayou_pond_e, lemuel_old_faithful

Skill      XL: |  1 |
---------------+----+-----
Stealth        | 1 |  1.5
Fighting       | |  1.7
Short Blades   | |  3.8
Throwing       | |  2.2
Dodging        | |  3.5

Action                   || total
-------------------------++-------
Melee: Rapier            ||    50
 Stab: Sleeping          ||     2
Armor: Leather armour    ||     8
Dodge: Dodged            ||    31

Table legend:
 A = Spawn XP
 B = Non-spawn XP
 C = Spawn XP percentage of total XP
 D = Spawn monster count
 E = Non-spawn monster count
 F = Spawn count percentage of total count
 G = Total turns spent on level
                    A         B        C        D         E        F      G
               +---------+---------+-------+---------+---------+-------+---------
         Total |       0 |      26 |   0.0 |       0 |      14 |   0.0 |  1009
               +---------+---------+-------+---------+---------+-------+---------
           D:1 |       0 |      26 |   0.0 |       0 |      14 |   0.0 |  1009
               +---------+---------+-------+---------+---------+-------+---------
